 Dungeon Sprint DCSS version 0.19.5 (webtiles) character file.

429 equalderp2856 the Blocker (level 6, -8/62 HPs)
             Began as a Deep Dwarf Fighter on Mar 7, 2017.
             Mangled by a sun demon (14 damage)
             ... in the Dungeon (Sprint VII: "The Pits").
             The game lasted 00:02:15 (1045 turns).

equalderp2856 the Blocker (Deep Dwarf Fighter)      Turns: 1045, Time: 00:02:15

Health: -8/62      AC:  8    Str: 21    XL:     6   Next: 66%
Magic:  6/6        EV: 11    Int:  8    God:
Gold:   0          SH: 11    Dex: 13    Spells: 0 memorised, 5 levels left

rFire  . . .     SeeInvis .     a - +0 war axe
rCold  . . .     Gourm    .     b - +0 scale mail
rNeg   . . .     Faith    .     c - +0 shield
rPois  .         Spirit   .     (no helmet)
rElec  .         Reflect  .     (no cloak)
rCorr  .         Harm     .     (no gloves)
MR     .....     NoTele   +     (no boots)
Stlth  ..........               (no amulet)
                                (no ring)
                                (no ring)

@: non-regenerating
A: damage resistance, recharge devices, sense surroundings 1, slow regeneration
3
a: Device Recharging


You were in the Dungeon.
You were hungry.

You visited 1 branch

Inventory:

Hand Weapons
 a - a +0 war axe (weapon)
Armour
 b - a +0 scale mail (worn)
 c - a +0 shield (worn)
Wands
 e - a wand of heal wounds (5/9)
Scrolls
 l - a scroll of blinking
 n - 3 scrolls of remove curse
 o - 5 scrolls of amnesia
 p - a scroll of summoning
Potions
 g - 5 potions of curing
 h - 3 potions of heal wounds
 i - a potion of haste
 j - 4 potions of magic
 k - 3 potions of berserk rage
 m - 2 potions of invisibility
Comestibles
 f - 8 bread rations
 q - 40 fruits
 r - 7 meat rations


   Skills:
 + Level 6.0 Fighting
 + Level 8.4 Axes
 + Level 7.9 Armour
 + Level 4.3 Dodging
 + Level 9.0 Shields


You had 5 spell levels left.
You didn't know any spells.

Dungeon Overview and Level Annotations

Branches:
Dungeon (1/1)

Altars:
Ashenzari
Cheibriados
Dithmenos
Elyvilon
Fedhas
Gozag
Hepliaklqana
Kikubaaqudgha
Makhleb
Nemelex Xobeh
Okawaru
Qazlal
Ru
Sif Muna
Trog
Uskayaw
Vehumet
Xom
Yredelemnul
Zin
The Shining One
Beogh
Jiyva
Lugonu


Innate Abilities, Weirdness & Mutations

You are resistant to damage.
You can recharge devices by infusing magical energy.
You passively map a small area around you.
You do not regenerate.


Message History

You feel much better.
There is an open door here.
You feel much better.
You open the door.
A sun demon comes into view.
The sun demon shouts!
You hit the sun demon.
The sun demon is lightly wounded.
You block the sun demon's attack.
You hit the sun demon but do no damage.
The sun demon is lightly wounded.
You block the sun demon's attack. x2
You hit the sun demon but do no damage.
The sun demon hits you but does no damage.
You closely miss the sun demon. You block the sun demon's attack.
You closely miss the sun demon. The sun demon hits you!!
You are engulfed in flames!!
The sun demon hits you!!
* * * LOW HITPOINT WARNING * * *
You are engulfed in flames!
You die...

#.#..#[))).##.......#
, ,
#'###########.......#
#.....†.# ,
#########*
#..#.#..#,** * * *,
#.##.##.# , * , *
#.......#+#, ,
#.##.##.#.+ ,, +
#..#.#..#3# ,*
#.......'@# ,
########### **


You could see a sun demon.

Vanquished Creatures
  A warg (D)
  A water moccasin (D)
  A floating eye (D)
  A hound (D)
  An iron imp (D)
  A worker ant (D)
  A river rat (D)
  A white imp (D)
  An ufetubus (D)
  A hobgoblin (D)
  2 jackals (D)
  A ball python (D)
  A bat (D)
  2 goblins (D)
  A rat (D)
17 creatures vanquished.

Notes
Turn   | Place    | Note
-------+----------+-------------------------------------------
     0 | D        | equalderp2856 the Deep Dwarf Fighter began the quest for the Orb.
     0 | D        | Reached XP level 1. HP: 20/20 MP: 1/1
   257 | D        | Found a radiant altar of Vehumet.
   257 | D        | Found a hide-covered altar of Uskayaw.
   257 | D        | Found an ancient bone altar of Kikubaaqudgha.
   257 | D        | Found a viscous altar of Jiyva.
   257 | D        | Found a hazy altar of Hepliaklqana.
   258 | D        | Found a bloodstained altar of Trog.
   258 | D        | Found a deep blue altar of Sif Muna.
   258 | D        | Found a sacrificial altar of Ru.
   258 | D        | Found a stormy altar of Qazlal.
   258 | D        | Found an iron altar of Okawaru.
   258 | D        | Found a sparkling altar of Nemelex Xobeh.
   258 | D        | Found an opulent altar of Gozag.
   258 | D        | Found a blossoming altar of Fedhas.
   258 | D        | Found a white marble altar of Elyvilon.
   258 | D        | Found a shadowy altar of Dithmenos.
   258 | D        | Found a snail-covered altar of Cheibriados.
   259 | D        | Found a glowing golden altar of the Shining One.
   259 | D        | Found a glowing silver altar of Zin.
   260 | D        | Found a burning altar of Makhleb.
   260 | D        | Found a basalt altar of Yredelemnul.
   260 | D        | Found a roughly hewn altar of Beogh.
   261 | D        | Found a corrupted altar of Lugonu.
   261 | D        | Found a shimmering altar of Xom.
   261 | D        | Found a shattered altar of Ashenzari.
   321 | D        | Reached XP level 2. HP: 22/28 MP: 2/2
   430 | D        | Noticed a floating eye
   445 | D        | Reached skill level 5 in Armour
   445 | D        | Reached skill level 1 in Dodging
   445 | D        | Reached skill level 4 in Shields
   445 | D        | Reached XP level 3. HP: 25/36 MP: 3/3
   449 | D        | Killed a floating eye
   449 | D        | Reached skill level 5 in Axes
   449 | D        | Reached skill level 6 in Shields
   449 | D        | Reached XP level 4. HP: 31/45 MP: 4/4
   449 | D        | Reached XP level 5. HP: 35/51 MP: 5/5
   506 | D        | Noticed a warg
   510 | D        | Noticed a water moccasin
   518 | D        | Killed a warg
   518 | D        | Reached skill level 5 in Fighting
   518 | D        | Reached skill level 7 in Shields
   531 | D        | Reached skill level 8 in Shields
   531 | D        | Reached XP level 6. HP: 20/61 MP: 6/6
   542 | D        | Killed a water moccasin
   542 | D        | Reached skill level 9 in Shields
  1040 | D        | Noticed a sun demon
  1045 | D        | Mangled by a sun demon

Skill      XL: |  1  2  3  4  5  6 |
---------------+-------------------+-----
Fighting       | 3 4 5 6 |  6.0
Armour         | 4 5 6 7 |  7.9
Axes           | 3 5 7 8 |  8.4
Dodging        | 1 2 3 4 |  4.3
Shields        | 4 6 8 9 |  9.0

Action                   |  1- 3 |  4- 6 || total
-------------------------+-------+-------++-------
Melee: War axe           |    43 |    58 ||   101
  Use: Potion            |       |     5 ||     5
Armor: Scale mail        |    27 |    11 ||    38
Dodge: Dodged            |    21 |    21 ||    42
Block: Shield            |    35 |    28 ||    63
